 Dungeon Crawl Stone Soup version 0.30-a0-304-gdc4b735fe1 (webtiles) character file.

Game seed: 13755580298106059275

414 Lobster4 the Magician (level 6, -12/32 HPs)
             Began as a Deep Elf Air Elementalist on Oct 21, 2022.
             Mangled by an ogre
             ... wielding a +0 giant spiked club
              (24 damage)
             ... on level 5 of the Dungeon.
             The game lasted 00:09:01 (3957 turns).

Lobster4 the Magician (Deep Elf Air Elementalist)   Turns: 3957, Time: 00:09:01

Health: -12/32     AC:  3    Str:  5    XL:     6   Next: 60%
Magic:  11/15      EV: 13    Int: 22    God:
Gold:   211        SH:  0    Dex: 15    Spells: 14/15 levels left

rFire   . . .      SeeInvis .    a - +1 short sword (elec)
rCold   . . .      Faith    .    (no shield)
rNeg    . . .      Spirit   .    c - +0 robe
rPois   .          Reflect  .    e - +0 helmet
rElec   .          Harm     .    (no cloak)
rCorr   .          Rampage  .    (no gloves)
Will    .....                    (no boots)
Stlth   ++........               (no amulet)
HPRegen 0.25/turn                (no ring)
MPRegen 0.14/turn                (no ring)

@: very slightly contaminated
A: no striking features
a: no special abilities


You were on level 5 of the Dungeon.
You visited 1 branch of the dungeon, and saw 5 of its levels.

You collected 211 gold pieces.

Inventory:

Hand Weapons
 a - a +1 short sword of electrocution (weapon)
 i - a +0 dagger
 u - a +1 dagger of venom
Missiles
 f - 19 stones
 s - a throwing net
 v - a boomerang
Armour
 c - a +0 robe (worn)
 e - a +0 helmet (worn)
Magical Staves
 h - a staff of fire
Jewellery
 o - a ring of fire
Wands
 w - a wand of charming (10)
Scrolls
 d - 3 scrolls of fear {unknown}
 g - a scroll of teleportation {unknown}
 m - a scroll of enchant weapon {unknown}
 n - a scroll of brand weapon {unknown}
 r - a scroll of identify
 t - a scroll of vulnerability {unknown}
Potions
 b - a potion of magic
 j - 2 potions of haste
 k - 3 potions of curing
 l - a potion of ambrosia
 p - a potion of flight
 q - a potion of might
 x - a potion of invisibility {unknown}


   Skills:
 + Level 2.1 Short Blades
 - Level 3.0 Dodging
 - Level 3.0 Stealth
 + Level 5.1 Spellcasting
 + Level 3.5 Conjurations
 * Level 5.0 Air Magic


You had 14 spell levels left.
You knew the following spells:

 Your Spells              Type           Power      Damage    Failure   Level
a - Shock                 Conj/Air       96%        1d9       1%          1

Your spell library contained the following spells:

 Spells                   Type           Power      Damage    Failure   Level
 Magic Dart               Conj           84%        1d7       2%          1
 Static Discharge         Conj/Air       48%        2-4/arc   2%          2
 Swiftness                Air            27%        N/A       3%          3
 Mephitic Cloud           Conj/Pois/Air  18%        N/A       10%         3
 Airstrike                Air            13%        2d(2-18)  13%         4
 Call Imp                 Summ           5%         N/A       16%         2
 Kindle Blastsparks       Fire/Tloc/Air  26%        2d12      16%         3
 Call Canine Familiar     Summ           5%         N/A       30%         3
 Portal Projectile        Hex/Tloc       10%        N/A       30%         3
 Fulminant Prism          Conj/Hex       6%         3d7       43%         4
 Iskenderun's Mystic Bla  Conj/Tloc      13%        2d5       43%         4
 Leda's Liquefaction      Hex/Erth       2%         N/A       69%         4
 Lee's Rapid Deconstruct  Erth           2%         3d5*      95%         5


Dungeon Overview and Level Annotations

Branches:
Dungeon (5/15)
 Temple: D:4-7

Altars:
Uskayaw


Message History

You see here a +0 mace.
There is a stone staircase leading down here.
You climb downwards.
Found a scale mail, 14 gold pieces, 6 stones and 5 javelins.
There is a stone staircase leading up here.
You see here a +0 scale mail.
Casting: Shock (safe; 1% risk of failure)
Confirm with . or Enter, or press ? or * to list all spells.
Aiming: Shock (safe; 1% risk of failure)
Press: ? - help, Shift-Dir - straight line The zap hits the ogre.
The ogre is moderately wounded.
The zap hits the ogre.
The ogre is moderately wounded.
Casting: Shock (safe; 1% risk of failure)
Confirm with . or Enter, or press ? or * to list all spells.
Aiming: Shock (safe; 1% risk of failure)
Press: ? - help, Shift-Dir - straight line The zap misses the ogre.
The zap hits the ogre.
The ogre is moderately wounded.
The ogre hits you with a +0 giant spiked club!!
Ouch! That really hurt!
Casting: Shock (safe; 1% risk of failure)
Confirm with . or Enter, or press ? or * to list all spells.
Aiming: Shock (safe; 1% risk of failure)
Press: ? - help, Shift-Dir - straight line You miscast Shock.
You are very lightly contaminated with residual magic.
Nothing appears to happen.
Casting: Shock (safe; 1% risk of failure)
Confirm with . or Enter, or press ? or * to list all spells.
Aiming: Shock (safe; 1% risk of failure)
Press: ? - help, Shift-Dir - straight line The zap hits the ogre.
The ogre is moderately wounded.
The zap hits the ogre!
The ogre is severely wounded.
The ogre hits you with a +0 giant spiked club!!
Ouch! That really hurt!
You die...

.# .# #.# #.#
#### #####.#
.....##...#.##
###
#.......(.###...
#..@O..#.....#
#.##.#.[.#...# #
#....<..#
####.##...# #.#
#.# #$# .. #..
.( ###


You could see an ogre.

Vanquished Creatures
  An ogre (D:4)
  A scorpion (D:4)
  An iguana (D:4)
  Natasha (thrice) (D:3)
  An orc wizard (D:4)
  3 gnolls (D:2)
  3 adders
  2 worms (D:2)
  A dart slug (D:2)
  6 orcs
  5 ball pythons
  7 endoplasms
  A giant cockroach (D:1)
  7 goblins
  6 hobgoblins
  6 quokkas
  9 bats
  7 frilled lizards
  3 kobolds
  3 rats (D:1)
76 creatures vanquished.

Notes
Turn   | Place    | Note
-------+----------+-------------------------------------------
     0 | D:1      | Lobster4 the Deep Elf Air Elementalist began the quest for
                  | the Orb.
     0 | D:1      | Reached XP level 1. HP: 10/10 MP: 6/6
   185 | D:1      | You fall into a shaft and drop 1 floor!
   225 | D:2      | Found a faded altar of an unknown god.
   297 | D:2      | Reached XP level 2. HP: 15/15 MP: 4/8
   791 | D:1      | Reached XP level 3. HP: 19/19 MP: 7/9
  1729 | D:2      | Reached XP level 4. HP: 24/24 MP: 1/11
  1947 | D:3      | Noticed Natasha
  1953 | D:3      | Killed Natasha
  2173 | D:3      | Noticed Natasha
  2176 | D:3      | Killed Natasha
  2177 | D:3      | Reached XP level 5. HP: 21/28 MP: 9/13
  2420 | D:3      | Reached skill level 1 in Short Blades
  2457 | D:3      | Noticed a +0 hand axe
  2457 | D:3      | Noticed Natasha
  2467 | D:3      | Killed Natasha
  2478 | D:3      | Noticed a +0 hand axe
  2528 | D:3      | Found a hide-covered altar of Uskayaw.
  3461 | D:4      | Reached XP level 6. HP: 25/32 MP: 5/15
  3819 | D:4      | Reached skill level 5 in Spellcasting
  3819 | D:4      | Reached skill level 5 in Air Magic
  3948 | D:5      | Entered Level 5 of the Dungeon
  3957 | D:5      | Mangled by an ogre

Illustrated notes

Levels and vault maps discovered:
D:1:      doesnt_arrival_eight_statues, layout_loops_ring
D:2:      layout_rooms, hellmonk_ecumenical_altar_run_dry,
          nicolae_elevator_lobby_asterisk
D:3:      layout_basic, dancing_weapons_uskayaw, uniq_natasha
D:4:      layout_loops_ring, chequers_mini_garden, kennysheep_nondescript
D:5:      layout_loops_ring, gammafunk_ghost_grave

Skill      XL: |  1  2  3  4  5  6 |
---------------+-------------------+-----
Stealth        | 3 |  3.0
Dodging        | 3 |  3.0
Conjurations   | 2 3 |  3.5
Spellcasting   | 4 5 |  5.1
Air Magic      | 4 5 |  5.0
Short Blades   | 1 2 |  2.1

Action                   |  1- 3 |  4- 6 || total
-------------------------+-------+-------++-------
Melee: Short sword       |       |     2 ||     2
 Cast: Shock             |    92 |   116 ||   208
  Use: Scroll            |     4 |     2 ||     6
Armor: Robe              |     2 |     5 ||     7
Dodge: Dodged            |     4 |    14 ||    18

Table legend: (Time is in decaauts)
 A = Elapsed time spent in this place.
 B = Non-inter-level travel time spent in this place.
 C = Inter-level travel time spent in this place.
 D = Time resting spent in this place.
 E = Time spent auto-exploring this place.
 F = Levels seen in this place.
 G = Mean time per level.
                   A        B        C        D        E       F      G
               +--------+--------+--------+--------+--------+-----+--------+
         Total |   3954 |   3820 |    134 |    379 |   2916 |   5 |  790.8 |
       Dungeon |   3954 |   3820 |    134 |    379 |   2916 |   5 |  790.8 |
               +--------+--------+--------+--------+--------+-----+--------+

Top non-repeatable levels by time:
     D:4: 1127 daAuts
     D:1: 1034 daAuts
     D:3: 1002 daAuts
     D:2: 781 daAuts
     D:5: 8 daAuts
